 Dungeon Crawl Stone Soup version 0.17-a0-1572-g7a1422d (webtiles) character file.

6760 urechis the Basher (level 11, -4/190 HPs)
             Began as an Ogre Gladiator on July 25, 2015.
             Was an Initiate of Ru.
             Slain by an orc warrior
             ... wielding a +0 scimitar
              (25 damage)
             ... on level 10 of the Dungeon.
             The game lasted 00:27:48 (9684 turns).

urechis the Basher (Ogre Gladiator)                 Turns: 9684, Time: 00:27:48

Health: -4/190     AC: 10    Str: 30    XL:     11   Next: 4%
Magic:  11/11      EV: 10    Int:  7    God:    Ru [......]
Gold:   718        SH:  0    Dex: 10    Spells: 0 memorised, 10 levels left

rFire  + . .     SeeInvis .     a - +4 flail (protect)
rCold  . . .     Clarity  .     O - +2 robe {MR+}
rNeg   + . .     SustAt   .     (no shield)
rPois  .         Gourm    .     c - +0 hat
rElec  .         Spirit   .     (no cloak)
rCorr  .         Warding  .     (gloves unavailable)
rMut   .         Stasis   .     (boots unavailable)
MR     ++...                    (no amulet)
Stlth  ..........               L - ring of positive energy
                                A - ring of protection from fire

@: berserking, very quick, very resistant to hostile enchantments, extremely
unstealthy
A: unfitting armour, tough skin 1
a: Renounce Religion


You were on level 10 of the Dungeon.
You worshipped Ru.
Ru was noncommittal.
You were not hungry.

You visited 2 branches of the dungeon, and saw 11 of its levels.
You also visited: Ossuary.

You collected 718 gold pieces.

Inventory:

Hand weapons
 a - a +4 flail of protection (weapon)
 b - a +0 blowgun
Missiles
 e - 5 throwing nets
 u - 20 poisoned needles
 D - 4 large rocks
 F - 4 tomahawks of returning
 P - 3 javelins (quivered)
Armour
 c - a +0 hat (worn)
 v - a troll hide
 O - a +2 robe of magic resistance (worn)
Jewellery
 A - a ring of protection from fire (left hand)
 L - a ring of positive energy (right hand)
Magical devices
 g - a wand of cold (4)
 x - a wand of lightning (5)
 y - a wand of digging (3)
 z - a wand of lightning (2)
Scrolls
 f - a scroll of noise {unknown}
 j - 2 scrolls of recharging
 n - 4 scrolls of enchant weapon
 p - 3 scrolls of fog
 q - 3 scrolls of remove curse
 r - 3 scrolls of magic mapping {unknown}
 t - 2 scrolls of blinking {unknown}
 w - 3 scrolls of enchant armour
 C - 2 scrolls of teleportation {unknown}
 G - 2 scrolls of fear {unknown}
 I - a scroll of torment {unknown}
 J - a scroll of vulnerability {unknown}
 R - a scroll of summoning {unknown}
Potions
 h - 9 potions of curing
 i - 2 potions of invisibility {unknown}
 k - a potion of mutation {unknown}
 m - 4 potions of heal wounds
 s - 3 potions of cancellation
 B - a potion of resistance {unknown}
 E - a potion of magic {unknown}
 H - a potion of agility {unknown}
 K - a potion of berserk rage
 Q - 2 potions of poison {unknown}
 S - 2 potions of haste
Comestibles
 d - 7 bread rations
 l - 4 meat rations
 o - 6 chunks of flesh
 M - a royal jelly
 N - 7 fruits


   Skills:
 + Level 13.1 Fighting
 - Level 14.2 Maces & Flails
 + Level 7.7 Throwing
 - Level 2.6 Dodging


You had 10 spell levels left.
You didn't know any spells.

Dungeon Overview and Level Annotations

Branches:
Dungeon (10/15)            Temple (1/1) D:6            Lair (0/8) D:8
    Orc: D:9-12

Altars:
Ashenzari
Cheibriados
Dithmenos
Elyvilon
Fedhas
Gozag
Kikubaaqudgha
Makhleb
Nemelex Xobeh
Okawaru
Qazlal
Ru
Sif Muna
Trog
Vehumet
Xom
Yredelemnul
Zin
The Shining One

Shops:
D:4 (:=*   D:6 !   D:9 [

Annotations:
D:8 exclusion: obsidian statue


Innate Abilities, Weirdness & Mutations

You are too large for most types of armour.
You have tough skin (AC +1).


Message History

* * * LOW HITPOINT WARNING * * *
Drink which item? (? for menu, Esc to quit)
Okay, then.
You hit the orc warrior.
The orc warrior is moderately wounded.
You closely miss the orc warrior.
The orc warrior is moderately wounded.
The orc warrior hits you with a scimitar.
* * * LOW HITPOINT WARNING * * *
You sock the orc warrior!
The orc warrior is heavily wounded.
The orc warrior hits you with a scimitar!!
* * * LOW HITPOINT WARNING * * *
Drink which item? (? for menu, Esc to quit)
A red film seems to cover your vision as you go berserk!
You feel yourself moving faster!
You feel mighty!
You hit the orc warrior.
The orc warrior is severely wounded.
The orc warrior hits you with a scimitar!!
You die...

........######### ##......#
.......## #.......# .......#
#.......## .......# #........#
....†..# ####.o......##
.......###########............#
.#.....##........................
##..........###o######...........
....###.##### #.@.# ##..........
.######..## #...# ##..####... #
#.†..## ##...# ##.# .o8 #<....##
#...# #.# ... #......# ##... ..=
o #......# ...# 8 #......# #...
#.....>.# #... #.......#


You could see an orc warrior.

Vanquished Creatures
  An unseen horror (D:10)
  Pikel (D:6)
  A hill giant (D:9)
  Joseph (D:7)
  A troll (D:9)
  A hippogriff (D:10)
  A mottled dragon (D:8)
  Edmund (D:4)
  3 hungry ghosts
  An eye of draining (D:9)
  An ice beast (D:10)
  An orc warrior (D:6)
  3 phantoms
  3 ogres
  2 centaurs
  A necrophage (D:9)
  2 big kobolds
  A crocodile (D:8)
  4 giant frogs
  5 scorpions
  10 killer bees
  5 wights (D:8)
  2 vampire bats (D:3)
  5 crimson imps
  7 orc wizards
  3 centaur zombies
  5 orc priests
  3 jellies
  2 giant frog skeletons
  3 hounds
  A quasit (D:6)
  5 iguanas
  6 worker ants
  A big kobold zombie (Ossuary)
  9 mummies
  A hound skeleton (D:8)
  10 adders
  6 gnolls
  A shadow imp (D:8)
  An ooze (D:1)
  2 adder skeletons
  8 giant geckos
  26 orcs
  A ball python (D:3)
  3 bat skeletons
  7 bat zombies
  9 giant cockroaches
  2 gnoll zombies (Ossuary)
  10 hobgoblins
  11 jackals
  14 kobolds
  A quokka (D:8)
  12 bats
  A giant gecko skeleton (D:4)
  3 giant newts
  11 goblins
  2 hobgoblin zombies (Ossuary)
  A jackal skeleton (D:4)
  2 jackal zombies (D:6)
  A kobold zombie (Ossuary)
  4 orc zombies
  A quokka skeleton (D:8)
  12 rats
265 creatures vanquished.

Vanquished Creatures (others)
  A wizard (D:3)
  A killer bee (D:8)
  A giant gecko (D:8)
  A quokka (D:7)
  A giant newt (D:3)
5 creatures vanquished.

Grand Total: 270 creatures vanquished

Notes
Turn   | Place    | Note
--------------------------------------------------------------
     0 | D:1      | urechis the Ogre Gladiator began the quest for the Orb.
     0 | D:1      | Reached XP level 1. HP: 22/22 MP: 1/1
   249 | D:1      | Reached XP level 2. HP: 22/31 MP: 2/2
   546 | D:2      | Reached skill level 5 in Maces & Flails
   546 | D:2      | Reached XP level 3. HP: 17/37 MP: 3/3
  1182 | D:2      | Reached XP level 4. HP: 28/48 MP: 4/4
  1477 | D:3      | Found a bloodstained altar of Trog.
  1489 | D:3      | Found a radiant altar of Vehumet.
  1516 | D:3      | Reached skill level 6 in Maces & Flails
  1786 | D:3      | Found an ancient bone altar of Kikubaaqudgha.
  1788 | D:3      | Reached XP level 5. HP: 49/55 MP: 5/5
  1799 | D:3      | Reached skill level 7 in Maces & Flails
  1909 | D:3      | Found a sparkling altar of Nemelex Xobeh.
  1913 | D:3      | Found a bloodstained altar of Trog.
  1931 | D:3      | Found a basalt altar of Yredelemnul.
  2013 | D:3      | Noticed a wizard
  2018 | D:3      | Killed a wizard
  2080 | D:3      | Found a white marble altar of Elyvilon.
  2159 | D:4      | Noticed an ogre
  2520 | D:4      | Noticed Edmund
  2544 | D:4      | Killed Edmund
  2544 | D:4      | Reached skill level 5 in Fighting
  2544 | D:4      | Reached skill level 8 in Maces & Flails
  2544 | D:4      | Reached XP level 6. HP: 3/66 MP: 6/6
  2868 | D:4      | Found a shadowy altar of Dithmenos.
  2918 | D:4      | Found Wesimiala's Weapon Emporium.
  2982 | D:4      | Found Ofosmeif's Book Emporium.
  3041 | D:4      | Found Keeck's Jewellery Emporium.
  3221 | D:4      | Noticed a phantom
  3233 | D:4      | Killed a phantom
  3233 | D:4      | Reached XP level 7. HP: 69/74 MP: 7/7
  3294 | D:4      | Found Soib's Assorted Antiques.
  3329 | D:4      | Reached skill level 9 in Maces & Flails
  3437 | D:5      | Entered Level 5 of the Dungeon
  3821 | D:5      | Killed an ogre
  3850 | D:5      | Reached skill level 10 in Maces & Flails
  3890 | D:5      | Reached XP level 8. HP: 84/84 MP: 8/8
  3920 | D:5      | Found a burning altar of Makhleb.
  4342 | D:6      | Found Puuffovviss's Distillery.
  4377 | D:6      | Reached skill level 11 in Maces & Flails
  4611 | D:6      | HP: 4/88 [orc priest/divine providence (8)]
  4665 | D:6      | Found a sand-covered staircase.
  4669 | Ossuary  | Entered an ossuary
  4807 | Ossuary  | Reached skill level 12 in Maces & Flails
  5025 | Ossuary  | Reached XP level 9. HP: 51/97 MP: 9/9
  5358 | D:6      | Found a sacrificial altar of Ru.
  5469 | D:6      | Became a worshipper of Ru the Awakened
  5696 | D:6      | Found a staircase to the Ecumenical Temple.
  5704 | Temple   | Entered the Ecumenical Temple
  5744 | D:6      | Found a glowing silver altar of Zin.
  5883 | D:7      | Noticed Pikel
  5908 | D:6      | Killed Pikel
  5908 | D:6      | Reached skill level 13 in Maces & Flails
  6037 | D:7      | Found a shimmering altar of Xom.
  6039 | D:7      | Found a shimmering altar of Xom.
  6040 | D:7      | Found a shimmering altar of Xom.
  6041 | D:7      | Found a shimmering altar of Xom.
  6044 | D:7      | Found a shimmering altar of Xom.
  6044 | D:7      | Found a shimmering altar of Xom.
  6045 | D:7      | Found a shimmering altar of Xom.
  6122 | D:7      | Found an iron altar of Okawaru.
  6248 | D:7      | Noticed Joseph
  6262 | D:7      | Killed Joseph
  6262 | D:7      | Reached skill level 10 in Fighting
  6505 | D:8      | Reached skill level 14 in Maces & Flails
  6656 | D:8      | Reached XP level 10. HP: 75/111 MP: 10/10
  6931 | D:8      | Noticed an obsidian statue
  6944 | D:8      | Noticed a rust devil
  7097 | D:8      | Found a stormy altar of Qazlal.
  7585 | D:8      | Found a staircase to the Lair.
  7819 | D:9      | Reached skill level 5 in Throwing
  9204 | D:9      | Found Eczithyf's Armour Shoppe.
  9246 | D:10     | Entered Level 10 of the Dungeon
  9249 | D:10     | Noticed a hill giant
  9276 | D:9      | Killed a hill giant
  9596 | D:10     | Killed an unseen horror
  9596 | D:10     | Reached XP level 11. HP: 32/127 MP: 11/11
  9684 | D:10     | Slain by an orc warrior

Vault maps used:
D:1:      noname_arrival_rooms_in_the_neighbourhood
D:2:      first_bread
D:3:      fiery_altar_vehumet, overflow_temple_1_default,
          kennysheep_vampire_church, lemuel_doored_altar,
          nicolae_overflow_hidden_temple, nemelex_deck, trog_wizard
D:4:      nicolae_dithmenos_the_darkroom, serial_shops,
          nicolae_shop_competitors_out_of_business, kennysheep_mini,
          nicolae_shop_waterfront, shop, uniq_edmund
D:5:      kennysheep_little_box, corexii_corridor_pit
D:6:      nicolae_ru_sacrificial_ziggurat, kennysheep_mini_moat, temple_doors_e,
          serial_shops, nicolae_shop_waterfront, nicolae_ossuary_entry_giza,
          gup_sewer_entry_pipe
D:7:      overflow_temple_1_default, xom_shifter_show, uniq_joseph, uniq_pikel
D:8:      minmay_statue_hallways, grunt_qazlal_clouds, erik_lair_dragon
D:9:      serial_shops, nicolae_shop_trees
D:10:     david_orc_2
Temple:   nicolae_temple_no_exploring_needed
Ossuary:  ossuary_tomb_3

Action                   |  1- 3 |  4- 6 |  7- 9 | 10-12 || total
-------------------------+-------+-------+-------+-------++-------
Melee: Flail             |    84 |   146 |   357 |   256 ||   843
 Fire: Blowgun           |       |       |     4 |     6 ||    10
Throw: Javelin           |       |       |     3 |     1 ||     4
       Tomahawk          |       |       |     1 |     2 ||     3
Invok: Reject Sacrifices |       |       |     1 |     1 ||     2
  Use: Potion            |       |       |     4 |     1 ||     5
       Scroll            |       |       |       |     6 ||     6
 Stab: Sleeping          |     1 |     1 |       |       ||     2
  Eat: Chunk             |     1 |     5 |    10 |     8 ||    24
       Pizza             |       |     1 |       |       ||     1
       Beef jerky        |       |       |     1 |       ||     1
       Fruit             |       |       |       |     2 ||     2
